 Dungeon Crawl Stone Soup version 0.31-a0-986-g5e6e4ef867 (webtiles) character file.

Game seed: 2238621089167618662

77 jasper the Shooter (level 4, 0/39 HPs)
             Began as a Deep Elf Hunter on Nov 21, 2023.
             Was a Follower of Elyvilon.
             Slain by a kobold
             ... wielding a +0 dagger
              (1 damage)
             ... on level 3 of the Dungeon.
             The game lasted 00:05:07 (2051 turns).

jasper the Shooter (Deep Elf Hunter)                Turns: 2051, Time: 00:05:07

Health: 0/39       AC: 22    Str:  8 (10) XL:     4   Next: 14%
Magic:  6/6        EV:  2    Int: 11 (14) God:    Elyvilon [*.....]
Gold:   81         SH:  0    Dex: 16 (18) Spells: 3/3 levels left

rFire   . . .        (no weapon)
rCold   . . .        (no shield)
rNeg    . . .        c - melded +0 leather armour
rPois   +            (helmet currently unavailable)
rElec   .            (cloak currently unavailable)
rCorr   .            (gloves currently unavailable)
SInv    .            (boots currently unavailable)
Will    .....        (no amulet)
Stlth   ++           (no ring)
HPRegen 0.26/turn    (no ring)
MPRegen 0.10/turn

%: no passive effects
@: mighty, tree-form, attractive, invisible
A: stationary, stasis, torment immunity, boosted hp
a: Renounce Religion, Purification


You were on level 3 of the Dungeon.
You worshipped Elyvilon.
Elyvilon was aware of your devotion.
You were a tree.
You visited 1 branch of the dungeon, and saw 4 of its levels.

You collected 191 gold pieces.
You spent 110 gold pieces at shops.

Inventory:

Hand Weapons
 a - a +0 shortbow
Missiles
 e - 5 boomerangs
Armour
 c - a +0 leather armour (melded)
Scrolls
 b - a scroll of butterflies
 d - 2 scrolls of amnesia
 j - 3 scrolls of vulnerability
 k - a scroll of blinking {unknown}
 l - 3 scrolls of revelation
 m - a scroll of poison {unknown}
 n - a scroll of fog {unknown}
 o - a scroll of identify {unknown}
Potions
 f - a potion of invisibility
 h - a potion of degeneration
 p - a potion of cancellation


   Skills:
 + Level 2.1 Fighting
 * Level 6.3 Ranged Weapons
 + Level 3.2 Dodging
 + Level 2.5 Stealth


You had 3 spell levels left.
You didn't know any spells.
Your spell library was empty.

Dungeon Overview and Level Annotations

Branches:
Dungeon (4/15)
 Temple: D:4-7

Altars:
Elyvilon
Fedhas
Qazlal

Shops:
D:3 !


Message History

The orc is severely wounded.
The orc wizard hits you but does no damage.
The orc barely misses you. The orc completely misses you.
The kobold hits you but does no damage.
You hit the orc.
You kill the orc!
The orc wizard gestures at you while chanting.
You are confused.
The orc hits you with a +0 flail. Elyvilon protects you from harm!
The kobold barely misses you.
You cannot move. (Use ctrl+direction or * direction to attack while stationary and confused.)
You cannot move. (Use ctrl+direction or * direction to attack while stationary and confused.)
You completely miss the kobold.
The orc wizard hits you with a +0 dagger.
* * * LOW HITPOINT WARNING * * *
The orc hits you but does no damage. The kobold hits you but does no damage.
You take 3 damage, and have 2/39 hp.
You closely miss the kobold. The kobold hits you but does no damage.
It was a potion of enlightenment.
Your roots keep you in place.
The kobold hits you but does no damage.
It was a potion of might.
You feel very mighty all of a sudden. The orc wizard casts a spell at you.
The magic dart hits you but does no damage.
The orc hits you but does no damage. The kobold hits you but does no damage.
It was a potion of attraction.
You feel attractive to monsters.
The orc wizard hits you but does no damage.
The orc hits you but does no damage. The kobold hits you but does no damage.
You cannot move. (Use ctrl+direction or * direction to attack while stationary and confused.)
You nearly hit yourself!
The orc wizard barely misses you. The orc barely misses you.
The kobold hits you but does no damage.
You attack the rock wall.
You feel less confused.
Your enlightenment fades.
The orc wizard hits you but does no damage.
The orc hits you with a +0 flail.
* * * LOW HITPOINT WARNING * * *
The kobold hits you with a +0 dagger.
You die...

## #.#[## #.# #.#..# #.#
.####....# #.# #.#..###.#
...#...#.# #.# #.#......#
.#.#.....# #.# #.#.##.###
.#.#..#### #.# #.#.##.#
.#.#..# #.# #.#.##.#
.#<#..# ###.# #.#.##.#
.#.#..#######..o###.#.##.#
.#.#...........K♣).......#
##.##.....<....o#######.##
#.############.# #.# #.#
#.# #.# ##.# #####.# #.#
...# #.....# #.# ####
#.###########.# #.#
#.........# #.#
#.#########


You could see an orc wizard (unable to see you), an orc (unable to see you) and
a kobold (unable to see you).

Vanquished Creatures
  2 adders (D:2)
  3 worms
  2 dart slugs (D:2)
  An orc (D:3)
  4 bats
  6 endoplasms
  2 giant cockroaches (D:1)
  2 goblins
  4 hobgoblins
  5 kobolds
  3 quokkas
  3 ball pythons
  2 frilled lizards
  3 rats
42 creatures vanquished.

Notes
Turn   | Place    | Note
-------+----------+-------------------------------------------
     0 | D:1      | jasper the Deep Elf Hunter began the quest for the Orb.
     0 | D:1      | Reached XP level 1. HP: 12/12 MP: 3/3
   302 | D:1      | Reached XP level 2. HP: 17/17 MP: 4/4
   714 | D:1      | Found a faded altar of an unknown god.
   907 | D:2      | Reached XP level 3. HP: 18/21 MP: 5/5
   992 | D:2      | Reached skill level 6 in Ranged Weapons
  1018 | D:2      | Found a white marble altar of Elyvilon.
  1273 | D:2      | Became a worshipper of Elyvilon the Healer
  1394 | D:3      | Reached XP level 4. HP: 26/26 MP: 6/6
  1520 | D:3      | Found Hoalaab's Distillery.
  1530 | D:3      | Bought a potion of cancellation for 80 gold pieces
  1530 | D:3      | Bought a potion of lignification for 30 gold pieces
  1655 | D:3      | Reached * piety under Elyvilon
  1660 | D:3      | Found a stormy altar of Qazlal.
  1667 | D:3      | Found a blossoming altar of Fedhas.
  2044 | D:3      | Elyvilon protects you from harm!
  2051 | D:3      | HP: 1/39 [orc/+0 flail (3)]
  2051 | D:3      | Slain by a kobold

Illustrated notes

Levels and vault maps discovered:
D:1:      ncdulo_smallfort, layout_basic,
          shapermc_ecumenical_altar_mp_urbaneastern
D:2:      layout_basic, basic_altar, kennysheep_generic_room_15
D:3:      layout_loops_ring, grunt_temple_overflow_forces_of_nature,
          serial_shops, nicolae_shop_industrial_runoff, grunt_ministairs_5,
          kennysheep_doodads
D:4:      layout_gridville, minmay_puff

Skill      XL: |  1  2  3 |
---------------+----------+-----
Stealth        | 2 |  2.5
Fighting       | 2 |  2.1
Ranged Weapons | 6 |  6.3
Dodging        | 3 |  3.2

Action                     |  1- 3 |  4- 6 || total
---------------------------+-------+-------++-------
  Melee: Unarmed           |       |     4 ||     4
   Fire: Shortbow          |   133 |    16 ||   149
    Use: Scroll            |     4 |       ||     4
         Potion            |       |     6 ||     6
 Armour: Leather armour    |    27 |    10 ||    37
         Skin              |       |    38 ||    38
  Dodge: Dodged            |    29 |    11 ||    40

Table legend: (Time is in decaauts)
 A = Elapsed time spent in this place.
 B = Non-inter-level travel time spent in this place.
 C = Inter-level travel time spent in this place.
 D = Time resting spent in this place.
 E = Time spent auto-exploring this place.
 F = Levels seen in this place.
 G = Mean time per level.
                   A        B        C        D        E       F      G
               +--------+--------+--------+--------+--------+-----+--------+
         Total |   2074 |   2037 |     37 |      0 |   1733 |   4 |  518.5 |
       Dungeon |   2074 |   2037 |     37 |      0 |   1733 |   4 |  518.5 |
               +--------+--------+--------+--------+--------+-----+--------+

Top non-repeatable levels by time:
     D:1: 752 daAuts
     D:3: 738 daAuts
     D:2: 579 daAuts
     D:4: 3 daAuts
